 Dungeon Crawl Stone Soup version 0.29.0-15-g675c0067aa (webtiles) character file.

Game seed: 6815720651238914992

3526 qw the Cleaver (level 10, -3/60 HPs)
             Began as a Gargoyle Delver on Sept 11, 2022.
             Was a Priest of Okawaru.
             Slain by a komodo dragon (18 damage)
             ... on level 8 of the Dungeon.
             The game lasted 00:02:54 (8029 turns).

qw the Cleaver (Gargoyle Delver)                    Turns: 8029, Time: 00:02:55

Health: -3/60      AC: 28    Str: 20    XL:     10   Next: 8%
Magic:  13/13      EV:  7    Int: 11    God:    Okawaru [***...]
Gold:   331        SH: 12    Dex: 11    Spells: 9/9 levels left

rFire   . . .      SeeInvis +   Y - +0 war axe
rCold   . . .      Faith    .   h - +0 kite shield
rNeg    + . .      Spirit   .   n - +0 plate armour
rPois   inf        Reflect  .   a - +0 helmet
rElec   +          Harm     .   (no cloak)
rCorr   .          Rampage  .   d - +0 pair of gloves
Will    .....                   q - +2 pair of boots {Fly}
Stlth   ..........              (no amulet)
HPRegen 0.20/turn               i - ring of see invisible
MPRegen 0.13/turn               (no ring)

@: about to teleport, heroic, flying
A: sickness immunity, AC +7, negative energy resistance 1, electricity
resistance, torment resistance 1, petrification resistance
a: Renounce Religion, Heroism


You were on level 8 of the Dungeon.
You worshipped Okawaru.
Okawaru was most pleased with you.
You visited 1 branch of the dungeon, and saw 8 of its levels.

You collected 456 gold pieces.
You spent 125 gold pieces at shops.


Innate Abilities, Weirdness & Mutations

You are immune to sickness and miasma.
Your stone body is resilient. (AC +7)
You are immune to poison.
You resist negative energy. (rN+)
You are resistant to electric shocks. (rElec)
You are resistant to unholy torment.
You are immune to petrification.


   Skills:
 - Level 6.2(11.2) Fighting
 - Level 8.1(13.1) Axes
 - Level 2.0(7.0) Throwing
 + Level 5.2(10.2) Armour
 - Level 1.5(6.5) Dodging
 - Level 5.4(10.4) Stealth
 - Level 7.9(12.9) Shields
 - Level 4.0 Invocations


You had 9 spell levels left.
You didn't know any spells.
Your spell library was empty.

Inventory:

Hand Weapons
 e - a +0 morningstar
 Y - a +0 war axe (weapon)
Missiles
 p - 2 javelins (quivered)
Armour
 a - a +0 helmet (worn)
 d - a +0 pair of gloves (worn)
 h - a +0 kite shield (worn)
 j - the +2 pair of gloves of Fortification {Harm rPois Regen+ Str-4}
   (You found it on level 3 of the Dungeon)

   Str:       It affects your strength (-4).
   rPois:     It protects you from poison.
   Regen:     It increases your rate of health regeneration.
   Harm:      It increases damage dealt and taken.
 n - a +0 plate armour (worn)
 q - a +2 pair of boots of flying (worn)
Jewellery
 i - a ring of see invisible (left hand)
Wands
 g - a wand of digging (3)
Scrolls
 k - 6 scrolls of identify
 l - 2 scrolls of enchant weapon {unknown}
Potions
 b - 3 potions of curing
 c - a potion of resistance
 f - 2 potions of haste
 m - a potion of heal wounds {unknown}

Dungeon Overview and Level Annotations

Branches:
Dungeon (8/15)             Temple (0/1) D:6
   Lair: D:8-11

Altars:
Cheibriados
Nemelex Xobeh
Okawaru
Ru
Xom
Zin

Shops:
D:1 [*:[   D:2 (   D:4 *


Message History

You barely miss the komodo dragon. You block the bullfrog's attack. x2
You slash the bullfrog!
You kill the bullfrog!
Okawaru accepts your kill.
You hit the komodo dragon. x2
You block the komodo dragon's attack.
The komodo dragon bites you but does no damage.
You hit the komodo dragon but do no damage.
The komodo dragon is lightly wounded.
You slash the komodo dragon! The komodo dragon bites you!
You slash the komodo dragon!
The komodo dragon is heavily wounded.
You hit the komodo dragon.
The komodo dragon bites you but does no damage.
You block the komodo dragon's attack.
You slash the komodo dragon!
The komodo dragon is almost dead.
You hit the komodo dragon but do no damage.
The komodo dragon bites you but does no damage.
You hit the komodo dragon.
The komodo dragon is almost dead.
You slash the komodo dragon! You block the komodo dragon's attack.
The komodo dragon completely misses you.
You closely miss the komodo dragon.
The komodo dragon is almost dead.
You barely miss the komodo dragon.
The komodo dragon bites you but does no damage.
The komodo dragon bites you!
8028 ||| READING scroll of teleportation.
As you read the scroll of teleportation, it crumbles to dust.
You feel strangely unstable.
You block the komodo dragon's attack. x2
You hit the komodo dragon.
The komodo dragon is almost dead.
You closely miss the komodo dragon. The komodo dragon bites you!!
You die...

##......#...##
#.....######
#.?..## #...##
#....## #.....##
#..##..####
#..###....##
#..#.....l@#
#.#.....?l)#
#.#...........
#.##......#.....
#. #.....###....
##....# #...
#...## ... ##..
#.$


You could see 2 komodo dragons.

Vanquished Creatures
  Grinder (D:3)
  3 yaks (D:8)
  Menkaure (D:6)
  A black bear (D:6)
  4 ice beasts
  A sky beast (D:5)
  An orc warrior (D:6)
  An ogre (D:6)
  A centaur (D:8)
  A phantom (D:5)
  6 bullfrogs
  A gnoll sergeant (D:7)
  2 necrophages (D:5)
  5 wights (D:6)
  5 killer bees (D:7)
  4 jellies
  3 hounds
  7 orc priests
  2 iguanas
  Terence (D:2)
  2 orc wizards (D:6)
  A killer bee simulacrum (D:8)
  15 gnolls
  7 adders
  2 shadow imps
  An ufetubus (D:6)
  A worm (D:6)
  4 dart slugs
  15 orcs
  11 endoplasms
  4 giant cockroaches
  10 goblins
  5 hobgoblins
  5 jackals (D:3)
  6 kobolds
  A quokka (D:2)
  6 ball pythons
  4 bats
  5 frilled lizards
  3 rats
159 creatures vanquished.

Vanquished Creatures (others)
  2 fungi (D:8)
  3 plants (D:8)
5 creatures vanquished.

Grand Total: 164 creatures vanquished

Notes
Turn   | Place    | Note
-------+----------+-------------------------------------------
     0 | D:5      | qw the Gargoyle Delver began the quest for the Orb.
     0 | D:5      | Reached XP level 1. HP: 14/14 MP: 1/1
     0 | D:5      | 0 ||| qw: Version: 0.1-a-118-gb4e7ce6
     0 | D:5      | 0 ||| qw: Game counter: 10609
     0 | D:5      | 0 ||| qw: Always use a shield: true
     0 | D:5      | 0 ||| qw: God list: Okawaru
     0 | D:5      | 0 ||| qw: Allow faded altars: false
     0 | D:5      | 0 ||| qw: Do Orc after D:15 true
     0 | D:5      | 0 ||| qw: Do second Lair branch before Depths: true
     0 | D:5      | 0 ||| qw: Lair rune preference: random
     0 | D:5      | 0 ||| qw: Plans: Normal
     0 | D:5      | 0 ||| PLANNING D:1-11
    29 | D:5      | Noticed a hound
    40 | D:5      | Killed a hound
    41 | D:5      | Reached skill level 3 in Axes
    41 | D:5      | Reached XP level 2. HP: 9/19 MP: 2/2
    41 | D:5      | Reached XP level 3. HP: 11/23 MP: 3/3
   262 | D:5      | 262 ||| UPGRADING to ring of see invisible.
   263 | D:5      | 263 ||| READING scroll labelled LEIDIU WISCH.
   273 | D:5      | 273 ||| DROPPING scroll of fog.
   274 | D:5      | 274 ||| DROPPING scroll of magic mapping.
   275 | D:5      | 275 ||| DROPPING scroll of fear.
   289 | D:5      | Noticed a phantom
   290 | D:5      | 290 ||| Stepping ~*~*~tactically~*~*~ (stealth).
   305 | D:5      | Noticed a sky beast
   306 | D:5      | Killed a phantom
   307 | D:5      | Reached skill level 4 in Axes
   307 | D:5      | Reached XP level 4. HP: 14/28 MP: 4/4
   319 | D:5      | HP: 7/28 [sky beast (4)]
   324 | D:5      | Killed a sky beast
   325 | D:5      | Reached skill level 5 in Axes
   325 | D:5      | Reached XP level 5. HP: 8/32 MP: 5/5
   738 | D:4      | 738 ||| Stepping ~*~*~tactically~*~*~ (stealth).
   740 | D:4      | 740 ||| Stepping ~*~*~tactically~*~*~ (stealth).
   838 | D:4      | Found Zin's Purification Station.
   839 | D:4      | Found a glowing silver altar of Zin.
   980 | D:4      | 980 ||| SHOPLISTING potion of curing (90 gold, have 32).
   985 | D:4      | 985 ||| Stepping ~*~*~tactically~*~*~ (hiding).
  1004 | D:4      | Reached XP level 6. HP: 27/38 MP: 6/6
  1101 | D:4      | 1101 ||| UPGRADING to +0 helmet.
  1106 | D:4      | 1106 ||| UPGRADING to +0 ring mail.
  1116 | D:4      | 1116 ||| DROPPING +0 leather armour.
  1117 | D:4      | 1117 ||| UPGRADING to +0 chain mail.
  1127 | D:4      | 1127 ||| DROPPING +0 ring mail.
  1128 | D:4      | 1128 ||| DROPPING ring of wizardry.
  1137 | D:3      | Noticed Grinder
  1138 | D:3      | 1138 ||| Stepping ~*~*~tactically~*~*~ (hiding).
  1146 | D:3      | Paralysed by Grinder for 3 turns
  1159 | D:3      | Paralysed by Grinder for 2 turns
  1165 | D:3      | Killed Grinder
  1166 | D:3      | Reached skill level 3 in Armour
  1166 | D:3      | Reached XP level 7. HP: 22/43 MP: 7/7
  1301 | D:3      | 1301 ||| FLEEEEING.
  1302 | D:3      | 1302 ||| FLEEEEING.
  1305 | D:3      | 1305 ||| FLEEEEING.
  1306 | D:3      | 1306 ||| FLEEEEING.
  1307 | D:3      | 1307 ||| STAIRDANCE
  1434 | D:1      | 1434 ||| Stepping ~*~*~tactically~*~*~ (hiding).
  1435 | D:1      | 1435 ||| Stepping ~*~*~tactically~*~*~ (hiding).
  1545 | D:1      | 1545 ||| Stepping ~*~*~tactically~*~*~ (stealth).
  1640 | D:1      | Found Merireru's Armour Shop.
  1648 | D:1      | 1648 ||| BUYING +0 pair of gloves (63 gold).
  1648 | D:1      | Bought a +0 pair of gloves for 63 gold pieces
  1648 | D:1      | 1648 ||| SHOPLISTING +1 chain mail of willpower (231 gold,
                  | have 10).
  1648 | D:1      | 1648 ||| SHOPLISTING +12 plate armour of Nouklaj {Will-
                  | Regen+ Dex+2} (1260 gold, have 10).
  1648 | D:1      | 1648 ||| SHOPLISTING +2 buckler of reflection (259 gold,
                  | have 10).
  1728 | D:1      | 1728 ||| Stepping ~*~*~tactically~*~*~ (hiding).
  1729 | D:1      | 1729 ||| Stepping ~*~*~tactically~*~*~ (hiding).
  1872 | D:1      | 1872 ||| DROPPING +0 club.
  1896 | D:1      | 1896 ||| Stepping ~*~*~tactically~*~*~ (stealth).
  1897 | D:1      | 1897 ||| Stepping ~*~*~tactically~*~*~ (stealth).
  1898 | D:1      | 1898 ||| Stepping ~*~*~tactically~*~*~ (stealth).
  1899 | D:1      | 1899 ||| Stepping ~*~*~tactically~*~*~ (stealth).
  1914 | D:1      | Found Jatuxtop's Book Shoppe.
  1926 | D:1      | Found a faded altar of an unknown god.
  2139 | D:1      | Found Ujom's Antique Armour Boutique.
  2146 | D:1      | 2146 ||| SHOPLISTING twisted ring mail (189 gold, have 37).
  2326 | D:1      | Found Ymoefoan's General Store.
  2334 | D:1      | 2334 ||| SHOPLISTING +2 chain mail of cold resistance (258
                  | gold, have 37).
  2334 | D:1      | 2334 ||| BUYING scroll of identify (24 gold).
  2334 | D:1      | Bought a scroll of identify for 24 gold pieces
  2334 | D:1      | 2334 ||| SHOPLISTING scroll of identify (24 gold, have 13).
  2334 | D:1      | 2334 ||| SHOPLISTING scroll of teleportation (36 gold, have
                  | 13).
  2493 | D:1      | 2493 ||| UPGRADING to +0 pair of gloves.
  2498 | D:1      | 2498 ||| UPGRADING to +0 plate armour.
  2508 | D:1      | 2508 ||| DROPPING +0 chain mail.
  2509 | D:1      | 2509 ||| READING scroll labelled FOANNOWK YSHA.
  2510 | D:1      | 2510 ||| READING scroll labelled AFIHUSH CUAXEU.
  2511 | D:1      | 2511 ||| READING 4 scrolls of identify.
  2511 | D:1      | 2511 ||| IDENTIFYING silvery potion
  2512 | D:1      | 2512 ||| READING 3 scrolls of identify.
  2512 | D:1      | 2512 ||| IDENTIFYING bubbling orange potion
  2513 | D:1      | 2513 ||| READING 2 scrolls of identify.
  2513 | D:1      | 2513 ||| IDENTIFYING amethyst potion
  2514 | D:1      | 2514 ||| DROPPING potion of invisibility.
  2678 | D:2      | 2678 ||| Stepping ~*~*~tactically~*~*~ (stealth).
  2681 | D:2      | 2681 ||| Stepping ~*~*~tactically~*~*~ (stealth).
  2700 | D:2      | 2700 ||| FLEEEEING.
  2701 | D:2      | 2701 ||| FLEEEEING.
  2702 | D:2      | 2702 ||| FLEEEEING.
  2703 | D:2      | 2703 ||| FLEEEEING.
  2704 | D:2      | 2704 ||| FLEEEEING.
  2705 | D:2      | 2705 ||| FLEEEEING.
  2706 | D:2      | 2706 ||| FLEEEEING.
  2707 | D:2      | 2707 ||| FLEEEEING.
  2708 | D:2      | 2708 ||| FLEEEEING.
  2709 | D:2      | 2709 ||| FLEEEEING.
  2710 | D:2      | 2710 ||| FLEEEEING.
  2711 | D:2      | 2711 ||| FLEEEEING.
  2715 | D:2      | 2715 ||| STAIRDANCE
  2792 | D:2      | Noticed Terence
  2827 | D:2      | Killed Terence
  2842 | D:2      | 2842 ||| Stepping ~*~*~tactically~*~*~ (stealth).
  3186 | D:2      | Found Fyabre Qew's Weapon Shop.
  3195 | D:2      | 3195 ||| BUYING +0 war axe (38 gold).
  3195 | D:2      | Bought a +0 war axe for 38 gold pieces
  3195 | D:2      | 3195 ||| SHOPLISTING +0 war axe of electrocution (117 gold,
                  | have 27).
  3195 | D:2      | 3195 ||| SHOPLISTING +2 flail of holy wrath (201 gold, have
                  | 27).
  3195 | D:2      | 3195 ||| SWAPPING to +0 war axe.
  3196 | D:2      | 3196 ||| DROPPING +0 hand axe.
  3463 | D:2      | 3463 ||| DROPPING orb of energy.
  3464 | D:2      | 3464 ||| DRINKING 2 glowing orange potions.
  3465 | D:2      | 3465 ||| READING 3 scrolls of identify.
  3465 | D:2      | 3465 ||| IDENTIFYING glowing ruby potion
  3466 | D:2      | 3466 ||| DROPPING potion of attraction.
  3467 | D:2      | 3467 ||| DROPPING potion of degeneration.
  3497 | D:3      | 3497 ||| STAIRDANCE
  3504 | D:3      | 3504 ||| STAIRDANCE
  3555 | D:3      | 3555 ||| Stepping ~*~*~tactically~*~*~ (hiding).
  3618 | D:3      | 3618 ||| Stepping ~*~*~tactically~*~*~ (stealth).
  3720 | D:3      | 3720 ||| Stepping ~*~*~tactically~*~*~ (stealth).
  3769 | D:3      | 3769 ||| Stepping ~*~*~tactically~*~*~ (stealth).
  3827 | D:3      | 3827 ||| UPGRADING to +0 kite shield.
  3854 | D:3      | Identified the +2 pair of gloves of Fortification {Harm
                  | rPois Regen+ Str-4}
  4019 | D:4      | 4019 ||| STAIRDANCE
  4032 | D:4      | Reached skill level 1 in Shields
  4032 | D:4      | 4032 ||| STAIRDANCE
  4339 | D:4      | Found an iron altar of Okawaru.
  4638 | D:4      | 4638 ||| READING scroll labelled ETOGGI OXIR.
  4639 | D:4      | 4639 ||| READING 3 scrolls of identify.
  4639 | D:4      | 4639 ||| IDENTIFYING coppery potion
  4640 | D:4      | 4640 ||| DROPPING potion of ambrosia.
  4694 | D:4      | Became a worshipper of Warmaster Okawaru
  4804 | D:5      | Reached skill level 3 in Shields
  5312 | D:5      | Reached skill level 1 in Throwing
  5312 | D:5      | Reached XP level 8. HP: 36/48 MP: 8/8
  5425 | D:5      | 5425 ||| READING scroll labelled ONAGAM YPSU.
  5426 | D:5      | 5426 ||| READING scroll labelled MOINKISYV.
  5436 | D:6      | Found a sparkling altar of Nemelex Xobeh.
  5437 | D:6      | 5437 ||| PLANNING SEWER
  5438 | D:6      | 5438 ||| STAIRDANCE
  5559 | D:6      | Noticed Menkaure
  5560 | D:6      | 5560 ||| Stepping ~*~*~tactically~*~*~ (hiding).
  5562 | D:6      | 5562 ||| Stepping ~*~*~tactically~*~*~ (hiding).
  5572 | D:6      | Killed Menkaure
  5572 | D:6      | Reached * piety under Okawaru
  5712 | D:6      | Reached skill level 6 in Axes
  5712 | D:6      | Reached skill level 1 in Invocations
  5717 | D:6      | 5717 ||| FLEEEEING.
  5772 | D:6      | 5772 ||| INVOKING Heroism.
  5773 | D:6      | 5773 ||| INVOKING Heroism.
  5828 | D:6      | 5828 ||| Stepping ~*~*~tactically~*~*~ (stealth).
  5830 | D:6      | 5830 ||| Stepping ~*~*~tactically~*~*~ (hiding).
  5832 | D:6      | 5832 ||| INVOKING Heroism.
  5848 | D:6      | 5848 ||| INVOKING Heroism.
  5852 | D:6      | Reached skill level 6 in Shields
  5852 | D:6      | Reached skill level 3 in Invocations
  6032 | D:6      | 6032 ||| Stepping ~*~*~tactically~*~*~ (hiding).
  6033 | D:6      | 6033 ||| Stepping ~*~*~tactically~*~*~ (hiding).
  6034 | D:6      | 6034 ||| INVOKING Heroism.
  6053 | D:6      | 6053 ||| FLEEEEING.
  6054 | D:6      | 6054 ||| FLEEEEING.
  6055 | D:6      | 6055 ||| STAIRDANCE
  6134 | D:6      | 6134 ||| RIP SEWER
  6135 | D:6      | 6135 ||| PLANNING D:1-11
  6135 | D:6      | 6135 ||| STAIRDANCE
  6154 | D:6      | 6154 ||| INVOKING Heroism.
  6181 | D:6      | 6181 ||| DROPPING +0 flail.
  6219 | D:6      | Reached ** piety under Okawaru
  6220 | D:6      | Reached XP level 9. HP: 39/52 MP: 12/12
  6222 | D:6      | 6222 ||| INVOKING Heroism.
  6245 | D:6      | 6245 ||| FLEEEEING.
  6246 | D:6      | 6246 ||| FLEEEEING.
  6250 | D:6      | Reached skill level 7 in Axes
  6250 | D:6      | 6250 ||| INVOKING Heroism.
  6259 | D:6      | HP: 9/52 [ogre/+0 giant club (14)]
  6715 | D:6      | Found a staircase to the Ecumenical Temple.
  6842 | D:6      | 6842 ||| UPGRADING to +2 pair of boots of flying.
  6847 | D:6      | 6847 ||| READING scroll labelled YHEWUE YPAC.
  6848 | D:6      | 6848 ||| READING scroll labelled YPOM HYLUU.
  6849 | D:6      | 6849 ||| READING scroll labelled POGUURPH HAQEMICS.
  6871 | D:7      | 6871 ||| Stepping ~*~*~tactically~*~*~ (hiding).
  6874 | D:7      | 6874 ||| INVOKING Heroism.
  6916 | D:7      | 6916 ||| Stepping ~*~*~tactically~*~*~ (stealth).
  6917 | D:7      | 6917 ||| Stepping ~*~*~tactically~*~*~ (hiding).
  6929 | D:7      | 6929 ||| INVOKING Heroism.
  7021 | D:7      | 7021 ||| INVOKING Heroism.
  7060 | D:7      | Found a snail-covered altar of Cheibriados.
  7077 | D:7      | 7077 ||| Stepping ~*~*~tactically~*~*~ (stealth).
  7078 | D:7      | 7078 ||| Stepping ~*~*~tactically~*~*~ (stealth).
  7080 | D:7      | 7080 ||| INVOKING Heroism.
  7196 | D:7      | 7196 ||| Stepping ~*~*~tactically~*~*~ (stealth).
  7199 | D:7      | 7199 ||| INVOKING Heroism.
  7238 | D:7      | 7238 ||| Stepping ~*~*~tactically~*~*~ (stealth).
  7250 | D:7      | 7250 ||| INVOKING Heroism.
  7261 | D:7      | 7261 ||| INVOKING Heroism.
  7418 | D:7      | Found a shimmering altar of Xom.
  7606 | D:7      | Found a sacrificial altar of Ru.
  7786 | D:8      | Reached skill level 8 in Axes
  7854 | D:8      | Reached *** piety under Okawaru
  7855 | D:8      | Reached skill level 6 in Fighting
  7862 | D:8      | Reached XP level 10. HP: 46/60 MP: 13/13
  7881 | D:8      | 7881 ||| INVOKING Heroism.
  8006 | D:8      | 8006 ||| Stepping ~*~*~tactically~*~*~ (hiding).
  8012 | D:8      | 8012 ||| INVOKING Heroism.
  8027 | D:8      | HP: 15/60 [komodo dragon (7)]
  8028 | D:8      | 8028 ||| READING scroll of teleportation.
  8029 | D:8      | Slain by a komodo dragon

Levels and vault maps discovered:
D:1:      lightli_arrival_quake, layout_basic,
          shapermc_ecumenical_altar_rom_forum, serial_shops, shop, shop, shop,
          shop, minmay_small_reverse_x
D:2:      layout_basic, serial_shops, nicolae_shop_competitors_out_of_business,
          uniq_terence
D:3:      layout_rooms, minmay_surrounded, uniq_grinder
D:4:      layout_loops_ring, zin_purify, amcnicky_altar_gilded
D:5:      nicolae_cairo_tiling_large_dashed, layout_loops_ring,
          serial_bayou_crossing
D:6:      layout_rooms, mainiacjoe_overflow_boulevard,
          minmay_temple_entry_trees, cheibrodos_sewer_entry_bend,
          minmay_checkerbox, uniq_menkaure
D:7:      layout_rooms, mainiacjoe_overflow_big_doors, overflow_temple_1_default
D:8:      kennysheep_steamy, layout_cave_pods, grunt_lair_entry_orc_guard_hut,
          serial_ice, serial_ice_j, serial_ice_o, serial_ice_e, serial_ice_m

Skill      XL: |  1  2  3  4  5  6  7  8  9 |
---------------+----------------------------+-----
Axes           | 3 4 5 6 8 |  8.1
Fighting       | 4 6 |  6.2
Armour         | 3 4 5 |  5.2
Shields        | 4 6 7 |  7.9
Throwing       | 1 2 |  2.0
Invocations    | 4 |  4.0
Dodging        | |  1.5
Stealth        | |  5.4

Action                   |  1- 3 |  4- 6 |  7- 9 | 10-12 || total
-------------------------+-------+-------+-------+-------++-------
Melee: Hand axe          |    27 |    53 |   148 |       ||   228
       Punch             |       |     1 |     2 |       ||     3
       War axe           |       |       |   338 |    34 ||   372
Throw: Javelin           |       |       |    42 |       ||    42
Invok: Heroism           |       |       |    14 |     2 ||    16
  Use: Scroll            |     1 |       |    13 |     1 ||    15
       Potion            |       |       |     1 |       ||     1
Armor: Leather armour    |     6 |     9 |       |       ||    15
       Chain mail        |       |     9 |    22 |       ||    31
       Plate armour      |       |       |   296 |    27 ||   323
Dodge: Dodged            |    21 |    14 |   123 |     3 ||   161
Block: Kite shield       |       |       |   189 |    32 ||   221

Table legend:
 A = Non-vault XP
 B = Vault XP
 C = Vault XP percentage of total XP
 D = Non-vault monster count
 E = Vault monster count
 F = Vault count percentage of total count
                 A         B        C        D         E       F
            +---------+---------+-------+---------+---------+-------
      Total |    4338 |     700 |  13.9 |     140 |      19 |  11.9
            +---------+---------+-------+---------+---------+-------
        D:1 |      29 |       6 |  17.1 |      14 |       4 |  22.2
        D:2 |      87 |      36 |  29.3 |      22 |       1 |   4.3
        D:3 |      34 |     275 |  89.0 |      18 |       6 |  25.0
        D:4 |     192 |       0 |   0.0 |      16 |       0 |   0.0
        D:5 |     773 |       0 |   0.0 |      10 |       0 |   0.0
        D:6 |    1069 |     239 |  18.3 |      22 |       6 |  21.4
        D:7 |    1059 |       0 |   0.0 |      26 |       0 |   0.0
        D:8 |    1095 |     144 |  11.6 |      12 |       2 |  14.3
            +---------+---------+-------+---------+---------+-------
